Selects Luftwaffe Battlegroup
Selects Luftwaffe Pioneer Support
Fallschirmpioneer Squad Paradrop
Construct Infanterie Kompanie
Fallschirmpioneer Squad Paradrop
Infanterie Officer Quarters
Construct Luftwaffe Kompanie
Selects LG40 Recoilless Gun Paradrop
LG40 Recoilless Gun Paradrop
Flak 30 Anti-aircraft Gun Team
Selects Stuka Strafing Run
Selects Infantry Reserves
Marder III M Tank Destroyer
Selects Fallschirmjäger Squad Paradrop
Construct Panzer Kompanie